 Dungeon Crawl Stone Soup version 0.17-a0-1150-g17b0b87 (webtiles) character file.

7641 Fluffy the Fighter (level 10, -11/83 HPs)
             Began as a Demonspawn Gladiator on May 27, 2015.
             Was a High Priest of Okawaru.
             Killed by nerve-wracking pain
             ... invoked by an orc priest
              (14 damage)
             ... on level 10 of the Dungeon.
             The game lasted 00:42:07 (11213 turns).

Fluffy the Fighter (Demonspawn Gladiator)          Turns: 11213, Time: 00:42:07

Health: -11/83     AC: 24    Str: 18    XL:     10   Next: 98%
Magic:  16/16      EV:  7    Int: 10    God:    Okawaru [*****.]
Gold:   1375       SH:  0    Dex: 14    Spells: 0 memorised, 9 levels left

rFire  + + .     SeeInvis .     a - +0 long sword
rCold  . . .     Clarity  .     m - +0 plate armour (curse)
rNeg   . . .     SustAt   .     (no shield)
rPois  +         Gourm    .     c - +0 helmet
rElec  .         Spirit   .     (no cloak)
rCorr  +         Warding  .     y - +2 pair of gloves
rMut   .         Stasis   .     (no boots)
MR     .....                    I - amulet of resist corrosion (curse)
Stlth  ..........               s - ring of poison resistance
                                b - ring of protection from fire

@: not resistant to hostile enchantments, extremely unstealthy
A: talons 2, iridescent scales 2, demonic guardian 1, fire resistance 1,
mutation resistance 1, flame cloud immunity
a: Heroism, Finesse, Renounce Religion


You were on level 10 of the Dungeon.
You worshipped Okawaru.
Okawaru was extremely pleased with you.
You were not hungry.

You visited 2 branches of the dungeon, and saw 11 of its levels.
You also visited: Bailey.

You collected 1375 gold pieces.

Inventory:

Hand weapons
 a - a +0 long sword (weapon)
 i - the +2 flail of Capital Punishment {venom, +Fly rF+ Dex+5 Stlth-}
   (You found it on level 6 of the Dungeon)

   It poisons the flesh of those it strikes.
   It affects your dexterity (+5).
   It protects you from fire.
   It lets you fly.
   It makes you less stealthy.
Missiles
 d - 4 throwing nets
 F - 30 tomahawks of returning (quivered)
Armour
 c - a +0 helmet (worn)
 m - a cursed +0 plate armour (worn)
 y - a +2 pair of gloves (worn)
Jewellery
 b - a ring of protection from fire (left hand)
 s - a ring of poison resistance (right hand)
 w - an uncursed ring of flight
 I - a cursed amulet of resist corrosion (around neck)
Magical devices
 g - a wand of fire (0)
 l - a wand of paralysis (9)
 o - a wand of random effects (16)
 q - a wand of disintegration (8)
Scrolls
 h - 2 scrolls of remove curse
 n - 2 scrolls of teleportation
 p - a scroll of fog
 G - 2 scrolls of fear
 K - a scroll of enchant armour
Potions
 f - a potion of haste
 j - 3 potions of flight
 r - 2 potions of berserk rage
 t - 2 potions of degeneration
 u - a potion of magic
 v - 2 potions of mutation
 x - a potion of might {unknown}
 A - a potion of ambrosia {unknown}
 C - a potion of lignification
 H - a potion of beneficial mutation {unknown}
 J - a potion of brilliance {unknown}
Books
 D - a book of Necromancy

   Spells                             Type                      Level
   a - Pain                           Necromancy                   1
   b - Animate Skeleton               Necromancy                   1
   c - Vampiric Draining              Necromancy                   3
   d - Regeneration                   Charms/Necromancy            3
   e - Animate Dead                   Necromancy                   4
   f - Control Undead                 Necromancy                   4
Comestibles
 e - 6 bread rations
 k - 3 meat rations
 z - 24 fruits
 B - a royal jelly
 E - 2 beef jerkies
 L - 5 chunks of flesh


   Skills:
 + Level 9.1 Fighting
 + Level 8.7 Long Blades
 - Level 1.7 Throwing
 + Level 8.2 Armour
 - Level 2.6 Dodging
 + Level 9.1 Invocations


You had 9 spell levels left.
You didn't know any spells.

Dungeon Overview and Level Annotations

Branches:
Dungeon (10/15)            Temple (1/1) D:5            Lair (0/8) D:10
    Orc: D:9-12

Altars:
Ashenzari
Dithmenos
Elyvilon
Fedhas
Gozag
Kikubaaqudgha
Makhleb
Okawaru
Qazlal
Ru
Sif Muna
Trog
Vehumet
Yredelemnul
Zin
The Shining One

Shops:
D:4 [   D:5 }   D:7 *


Innate Abilities, Weirdness & Mutations

You have razor-sharp toenails.
You are mostly covered in iridescent scales (AC +6).
A weak demonic guardian rushes to your aid.
Your flesh is heat resistant.
You are immune to clouds of flame.
You are somewhat resistant to further mutation.


Message History

Okawaru accepts your kill.
Reactivating autopickup.
You feel a bit more experienced.
You slash the orc wizard! You claw the orc wizard.
You kill the orc wizard!
Okawaru accepts your kill.
The orc priest zaps a wand.
You are blasted!
* * * LOW HITPOINT WARNING * * *
The orc priest prays to Beogh.
You feel troubled.
Items here: ))) [[[ † Drink which item? (? for menu, Esc to quit)
Okay, then.
You hit the orc priest but do no damage.
The orc priest barely misses you.
You hit the orc priest. You claw the orc priest.
The orc priest is heavily wounded.
The orc priest calls down the wrath of Beogh upon you.
Pain shoots through your body!
You die...

*.........#...#,,,*...........##
*.........#...#,,,*#.........##*
*.........#...#,,.####.,,,,*****
*.#######.#...#,,......,,,*,,,**
*,........'...#,,......,,,*,,,**
*,........#...#,,o....,,,,*,,,*,
*,........#...#,,...,,,,,,*,,,+,
*,........#...###'##,,,,,,*,,,*,
*,........#....@o..#,,,,,,*****,
*,........#...##...#*******,,,*,
*,........+...##...#*,,,,,,,,,*,
*,,.......#...##...#*,,,,,,,,,*,
*,*******,#...##...#*,,,,,,,,,*,
*,*******,#...####+#*,,,,,,,,,*,
*,,,,,,,,,#...#,,,,,*******+***,
*,,,,,,,,,####*,***,,,,,,,,,,,,,
*,*****,,,,,,,,,* *,,,,,,,,**,,,


You could see an orc priest.

Vanquished Creatures
  3 orc knights (Bailey)
  2 hill giants (D:10)
  An elephant (D:10)
  A two-headed ogre (D:8)
  A troll (D:10)
  Sigmund (D:4)
  A wyvern (D:9)
  A steam dragon (D:9)
  2 water moccasins
  4 wandering mushrooms (D:8)
  3 ice beasts
  A black bear (D:7)
  4 ogres
  3 centaurs
  2 orc warriors
  3 sky beasts
  4 phantoms
  3 giant frogs
  2 scorpions
  2 oklob saplings (D:8)
  5 crimson imps
  3 killer bees (D:9)
  A quasit (D:7)
  2 jellies
  6 hounds
  7 orc priests
  5 worker ants
  A giant frog skeleton (D:9)
  Jessica (D:3)
  Natasha (thrice) (D:3)
  2 iguanas
  6 orc wizards
  A statue (D:9)
  A sheep (D:10)
  A hound skeleton (D:4)
  A worker ant zombie (D:6)
  21 gnolls
  3 adders
  2 shadow imps
  2 oozes
  2 adder skeletons (D:5)
  3 worms
  5 giant geckos
  27 orcs
  A bat zombie (D:8)
  4 giant cockroaches
  13 goblins
  12 hobgoblins
  20 kobolds
  6 quokkas
  A ball python skeleton (D:5)
  13 bats
  6 giant newts
  21 jackals
  17 rats
269 creatures vanquished.

Vanquished Creatures (collateral kills)
  A centaur (D:5)
  A centaur zombie (D:3)
  An orc wizard (D:9)
  A centaur skeleton (D:4)
  A sheep (D:10)
  A worker ant zombie (D:5)
  A giant newt (D:3)
  2 kobolds (Bailey)
9 creatures vanquished.

Vanquished Creatures (others)
  15 quasits
  5 crimson imps
  5 iron imps
  10 white imps
  6 ufetubi
41 creatures vanquished.

Grand Total: 319 creatures vanquished

Notes
Turn   | Place    | Note
--------------------------------------------------------------
     0 | D:1      | Fluffy the Demonspawn Gladiator began the quest for the Orb.
     0 | D:1      | Reached XP level 1. HP: 16/16 MP: 1/1
     3 | D:1      | Noticed an electric eel
     3 | D:1      | Noticed an electric eel
    52 | D:1      | Gained mutation: You have sharp toenails. [demonic ancestry]
    52 | D:1      | Reached XP level 2. HP: 10/23 MP: 2/2
   110 | D:1      | Reached skill level 3 in Long Blades
   352 | D:1      | Reached skill level 1 in Armour
   821 | D:2      | Gained mutation: You are partially covered in iridescent scales (AC +4). [demonic ancestry]
   821 | D:2      | Reached XP level 3. HP: 21/28 MP: 3/3
  1226 | D:2      | Gained mutation: A weak demonic guardian rushes to your aid. [demonic ancestry]
  1226 | D:2      | Reached XP level 4. HP: 16/35 MP: 4/4
  1877 | D:3      | Noticed Jessica
  1886 | D:3      | Killed Jessica
  1899 | D:3      | Noticed Natasha
  1918 | D:3      | Killed Natasha
  1918 | D:3      | Reached XP level 5. HP: 21/41 MP: 5/5
  2034 | D:3      | Noticed Natasha
  2047 | D:3      | Killed Natasha
  2047 | D:3      | Reached skill level 4 in Long Blades
  2176 | D:3      | Noticed Natasha
  2179 | D:3      | Killed Natasha
  2617 | D:4      | Found Neissun's Armour Shoppe.
  2702 | D:4      | Noticed Sigmund
  2970 | D:4      | Gained mutation: You have razor-sharp toenails. [demonic ancestry]
  2970 | D:4      | Reached XP level 6. HP: 45/48 MP: 6/6
  3130 | D:4      | Killed Sigmund
  3249 | D:4      | Noticed a phantom
  3280 | D:4      | Killed a phantom
  3280 | D:4      | Reached XP level 7. HP: 51/55 MP: 7/7
  3778 | D:5      | Entered Level 5 of the Dungeon
  3821 | D:5      | Reached skill level 5 in Long Blades
  3866 | D:5      | Found Emnem's Gadget Shoppe.
  3894 | D:5      | Reached skill level 5 in Fighting
  4423 | D:5      | Found a staircase to the Ecumenical Temple.
  4429 | Temple   | Entered the Ecumenical Temple
  4629 | Temple   | Became a worshipper of Warmaster Okawaru
  4929 | D:5      | Reached skill level 1 in Invocations
  4929 | D:5      | Gained mutation: Your flesh is heat resistant. [demonic ancestry]
  4929 | D:5      | Reached XP level 8. HP: 48/64 MP: 7/9
  5146 | D:5      | Acquired Okawaru's first power
  5146 | D:5      | Reached skill level 6 in Fighting
  5642 | D:6      | Reached skill level 5 in Armour
  5757 | D:6      | Got a bloodstained flail
  5758 | D:6      | Identified the +2 flail of Capital Punishment {venom, +Fly rF+ Dex+5 Stlth-} (You found it on level 6 of the Dungeon)
  6140 | D:7      | Found Omick's General Store.
  6822 | D:7      | Found a stormy altar of Qazlal.
  7302 | D:8      | Found a shadowy altar of Dithmenos.
  7335 | D:8      | Gained mutation: You are immune to clouds of flame. [demonic ancestry]
  7335 | D:8      | Reached XP level 9. HP: 71/71 MP: 12/12
  7404 | D:8      | Found a flagged portal.
  7409 | Bailey   | Entered a bailey
  7520 | Bailey   | Noticed an orc knight
  7546 | Bailey   | Gained mutation: You are somewhat resistant to further mutation. [potion of mutation]
  7578 | Bailey   | Killed an orc knight
  7578 | Bailey   | Reached skill level 7 in Fighting
  7578 | Bailey   | Reached skill level 5 in Invocations
  7902 | Bailey   | Noticed an orc knight
  7902 | Bailey   | Noticed an orc knight
  7982 | Bailey   | Killed an orc knight
  7988 | Bailey   | Killed an orc knight
  8026 | Bailey   | Found a bloodstained altar of Trog.
  8427 | D:8      | Noticed a two-headed ogre
  8442 | D:8      | Killed a two-headed ogre
  8442 | D:8      | Reached skill level 8 in Fighting
  8506 | D:8      | Found an iron altar of Okawaru.
  8954 | D:8      | Gained mutation: You are mostly covered in iridescent scales (AC +6). [demonic ancestry]
  8954 | D:8      | Reached XP level 10. HP: 75/80 MP: 15/15
  9078 | D:8      | Noticed a wandering mushroom
  9087 | D:8      | Killed a wandering mushroom
  9181 | D:8      | Noticed a wandering mushroom
  9213 | D:8      | Killed a wandering mushroom
  9403 | D:8      | Found a blossoming altar of Fedhas.
  9403 | D:8      | Noticed a wandering mushroom
  9403 | D:8      | Noticed a wandering mushroom
  9415 | D:8      | Killed a wandering mushroom
  9425 | D:8      | Killed a wandering mushroom
 10044 | D:9      | Found a white marble altar of Elyvilon.
 10099 | D:9      | Found a radiant altar of Vehumet.
 10884 | D:10     | Entered Level 10 of the Dungeon
 10894 | D:10     | Noticed a hill giant
 10905 | D:10     | Killed a hill giant
 10931 | D:10     | Noticed a hill giant
 10939 | D:10     | Killed a hill giant
 10939 | D:10     | Acquired Okawaru's second power
 10939 | D:10     | Reached skill level 9 in Fighting
 11063 | D:10     | Found a staircase to the Lair.
 11063 | D:10     | Noticed an elephant
 11085 | D:10     | Killed an elephant
 11210 | D:10     | HP: 3/83 [disintegration (14)]
 11213 | D:10     | Killed from afar by an orc priest

Vault maps used:
D:1:      arrival_aquarium_b
D:2:      kennysheep_big_flooded_room, first_bread
D:3:      serial_curves, eino_curves_04, eino_curves_02, uniq_jessica,
          uniq_natasha
D:4:      serial_shops, shop, sigmund_army
D:5:      minmay_temple_entry_fiery, serial_shops, shop, glass_columns_a,
          kennysheep_opposing_triangles
D:7:      nicolae_qazlal_eye_of_the_storm, serial_shops, nicolae_shop_crystal
D:8:      nicolae_dithmenos_the_darkroom, enter_bailey_3, hangedman_tree_tricks,
          okawaru_gym_becter
D:9:      wad_crossroads, vehumet_statue, nicolae_overflow_hidden_temple,
          minmay_misc_feat_roman
D:10:     david_lair_generic
Temple:   eino_temple_water_12
Bailey:   bailey_axe_3, bailey

Action                   |  1- 3 |  4- 6 |  7- 9 | 10-12 || total
-------------------------+-------+-------+-------+-------++-------
Melee: Long sword        |   126 |   154 |   627 |   366 ||  1273
Throw: Tomahawk          |       |       |     6 |     8 ||    14
Invok: Heroism           |       |       |     2 |     1 ||     3
Evoke: Wand              |       |     3 |     9 |     1 ||    13
  Use: Scroll            |       |       |    14 |     1 ||    15
       Potion            |       |       |     9 |       ||     9
 Stab: Distracted        |       |     1 |     2 |     2 ||     5
  Eat: Chunk             |     1 |     7 |    17 |     9 ||    34
       Pizza             |       |       |     1 |       ||     1
